 Dungeon Crawl Stone Soup version 0.30-a0-916-g9813417 (webtiles) character file.

Game seed: 9498508283246607832

51 Dorkslayer the Trooper (level 3, -5/36 HPs)
             Began as a Gargoyle Fighter on Apr 16, 2023.
             Slain by Sigmund
             ... wielding a +0 scythe
              (8 damage)
             ... on level 2 of the Dungeon.
             The game lasted 00:04:03 (1094 turns).

Dorkslayer the Trooper (Gargoyle Fighter)           Turns: 1094, Time: 00:04:04

Health: -5/36      AC: 21    Str: 19    XL:     3   Next: 83%
Magic:  3/3        EV:  2    Int:  8    God:
Gold:   118        SH:  4    Dex: 11    Spells: 2/2 levels left

rFire   . . .      SeeInvis .    a - +0 war axe
rCold   . . .      Faith    .    c - +0 buckler
rNeg    + . .      Spirit   .    i - melded +0 plate armour
rPois   ∞          Reflect  .    (helmet currently unavailable)
rElec   .          Rampage  .    (cloak currently unavailable)
rCorr   .          NoTele   +    b - melded +0 pair of gloves
Will    .....                    (boots currently unavailable)
Stlth   +                        (no amulet)
HPRegen 0.26/turn                (no ring)
MPRegen 0.08/turn                (no ring)

@: brilliant, tree-form
A: stationary, stasis, torment immunity, boosted hp, sickness immunity, AC +3,
negative energy resistance 1, (electricity resistance), torment resistance 1,
petrification resistance
a: no special abilities


You were on level 2 of the Dungeon.
You were a tree.
You visited 1 branch of the dungeon, and saw 2 of its levels.

You collected 118 gold pieces.

Inventory:

Hand Weapons
 a - a +0 war axe (weapon)
Armour
 b - a +0 pair of gloves (melded)
 c - a +0 buckler (worn)
 i - a +0 plate armour (melded)
Scrolls
 d - a scroll of fear {unknown}
 e - a scroll of fog {unknown}
 f - 2 scrolls of noise {unknown}
 h - a scroll of enchant armour {unknown}
 j - a scroll of amnesia {unknown}
 k - 2 scrolls of identify {unknown}
Potions
 l - a potion of brilliance


   Skills:
 + Level 3.7 Fighting
 + Level 2.1 Axes
 + Level 3.6 Armour
 * Level 1.4 Dodging
 + Level 3.5 Shields


You had 2 spell levels left.
You didn't know any spells.
Your spell library was empty.

Dungeon Overview and Level Annotations

Branches:
Dungeon (2/15)

Altars:

Annotations:
D:2 Robin, Sigmund


Innate Abilities, Weirdness & Mutations

You are a tree.
Your roots penetrate the ground, keeping you stationary.
You cannot be teleported.
You are immune to unholy pain and torment.
Your maximum health is greatly increased.
Your equipment is partially melded.
You are immune to sickness and miasma.
((Your stone body is resilient. (AC +3)))
You are immune to poison.
You resist negative energy. (rN+)
((You are resistant to electric shocks. (rElec)))
You are resistant to unholy torment.
You are immune to petrification.


Message History

A hobgoblin and a goblin come into view.
The hobgoblin shouts!
The goblin shouts!
The goblin hits you with a +0 dagger.
The hobgoblin moves out of view.
You slash the goblin!
You kill the goblin!
You hit the goblin.
You kill the goblin!
The goblin hits you but does no damage. The goblin hits you with a +0 club.
You closely miss the goblin.
The goblin is moderately wounded.
You barely miss the goblin. You block Sigmund's attack.
The goblin hits you but does no damage. The goblin hits you with a +0 club.
You closely miss the goblin.
The goblin is moderately wounded.
You hit the goblin.
You kill the goblin!
Sigmund hits you from afar with a +0 scythe.
* * * LOW HITPOINT WARNING * * *
The goblin hits you but does no damage.
It was a potion of brilliance.
You feel clever all of a sudden. You block the hobgoblin's attack.
You block the goblin's attack. Sigmund hits you but does no damage.
It was a potion of lignification.
You turn into a tree.
Your +0 pair of gloves melds into your body.
Your +0 plate armour melds into your body.
Your roots penetrate the ground.
The goblin hits you but does no damage.
The hobgoblin hits you but does no damage.
Okay, then.
Okay, then.
You closely miss the hobgoblin. You hit the goblin but do no damage.
Sigmund casts a spell.
Sigmund flickers and vanishes!
Deactivating autopickup; reactivate with Ctrl-A.
The hobgoblin hits you.
* * * LOW HITPOINT WARNING * * *
You block the goblin's attack.
The hobgoblin hits you but does no damage.
Something hits you!
You die...

#####...####.
............. #....##.
............. .......
.............. ......
#####...####.# #$...
#...# . .... #####...#
#g. ........# #g# #
#....†..### #♣##.##.#
##........## #)g{g...#
##.#......#####.##......
####........##.# #####
##.#.....#..#
####.#....## ####...#
####.#.).## ##.#.....##


You could see Robin, 2 hobgoblins and a goblin (strong).

Vanquished Creatures
  A worm (D:2)
  5 ball pythons
  2 bats (D:1)
  3 endoplasms
  3 giant cockroaches
  10 goblins
  5 hobgoblins
  4 jackals (D:1)
  A quokka (D:1)
  3 kobolds (D:1)
  3 rats
40 creatures vanquished.

Vanquished Creatures (others)
  3 plants (D:1)
3 creatures vanquished.

Grand Total: 43 creatures vanquished

Notes
Turn   | Place    | Note
-------+----------+-------------------------------------------
     0 | D:1      | Dorkslayer the Gargoyle Fighter began the quest for the
                  | Orb.
     0 | D:1      | Reached XP level 1. HP: 14/14 MP: 1/1
    79 | D:1      | Reached XP level 2. HP: 7/19 MP: 2/2
   290 | D:1      | Reached skill level 1 in Dodging
   292 | D:1      | Reached XP level 3. HP: 10/23 MP: 3/3
  1079 | D:2      | Noticed Robin
  1081 | D:2      | Noticed Sigmund
  1094 | D:2      | Slain by Sigmund

Illustrated notes

Levels and vault maps discovered:
D:1:      wander_arrival_peaceful_grave, layout_loops_ring, serial_bayou_lake_a
D:2:      layout_loops_cross, nicolae_figureground_pulse, uniq_sigmund,
          uniq_robin

Skill      XL: |  1  2 |
---------------+-------+-----
Axes           | 2 |  2.1
Dodging        | 1 |  1.4
Fighting       | |  3.7
Armour         | |  3.6
Shields        | |  3.5

Action                     || total
---------------------------++-------
  Melee: War axe           ||   136
    Use: Potion            ||     3
 Armour: Scale mail        ||    86
         Plate armour      ||    21
         Skin              ||     3
  Dodge: Dodged            ||    71
  Block: Buckler           ||    35

Table legend: (Time is in decaauts)
 A = Elapsed time spent in this place.
 B = Non-inter-level travel time spent in this place.
 C = Inter-level travel time spent in this place.
 D = Time resting spent in this place.
 E = Time spent auto-exploring this place.
 F = Levels seen in this place.
 G = Mean time per level.
                   A        B        C        D        E       F      G
               +--------+--------+--------+--------+--------+-----+--------+
         Total |   1195 |   1195 |      0 |      0 |    466 |   2 |  597.5 |
       Dungeon |   1195 |   1195 |      0 |      0 |    466 |   2 |  597.5 |
               +--------+--------+--------+--------+--------+-----+--------+

Top non-repeatable levels by time:
     D:1: 795 daAuts
     D:2: 399 daAuts
